Map: Ever Dream LE

Players

BlyOnFire (Bly) - Winner!

  • Race: Zerg Zerg
  • League: Grandmaster
  • Spawn Location: 7:00

ShoWTimE

  • Race: Protoss Protoss
  • Spawn Location: 1:00

Event: DreamHack SC2 Masters 2020 Summer Europe

VOD

Have the link to the VOD?

Description

Time

  • Played on: June 25, 2020, 10:42 a.m.
  • Length: 7:40

All games in this series

Show
View Real Time Build Order
Export as new Build Order

BlyOnFire Zerg - Winner!

Build Orders: Hatch First 

Get SALT Encoding   

  12  0:01  Drone  
  13  0:13  Overlord  
  13  0:17  Drone  
  14  0:32  Drone  
  14  0:33  Drone  
  16  0:49  Hatchery  
  15  0:53  Drone  
  15  0:56  Drone  
  17  1:04  Drone  
  17  1:07  Extractor  
  17  1:17  Spawning Pool  
  16  1:20  Drone  
  16  1:23  Drone  
  18  1:29  Drone  
  19  1:39  Drone  
  20  1:49  Overlord  
  20  2:05  Queen x2  
  20  2:06  Zergling x4  
  26  2:14  Drone x2, Metabolic Boost  
  28  2:27  Drone x2  
  30  2:42  Hatchery  
  29  2:47  Drone x2  
  29  2:48  Overlord  
  31  2:52  Zergling x2  
  31  2:55  Queen  
  34  3:02  Zergling x4  
  35  3:17  Zergling x4  
  35  3:18  Zergling x2  
  37  3:20  Drone x4  
  39  3:32  Unknown  
  38  3:35  Drone  
  38  3:36  Drone  
  39  3:42  Drone x2  
  41  3:50  Drone  
  41  3:51  Drone x2  
  41  3:54  Drone x6  
  48  4:03  Roach Warren  
  48  4:08  Overlord x2  
  47  4:10  Overlord  
  47  4:29  Zergling x16  
  55  4:33  Queen x2  
  59  4:41  Spore Crawler  
  59  4:43  Overlord x2  
  59  4:45  Roach x2  
  62  4:54  Roach  
  62  4:55  Overlord  
  64  5:00  Overlord  
  64  5:03  Roach  
  64  5:04  Roach x3  
  64  5:14  Roach x5  
  64  5:16  Zergling x2  
  72  5:25  Zergling x12  
  72  5:34  Roach x2  
  64  5:46  Roach x3  
  69  5:51  Drone x4  
  71  6:02  Drone x4  
  72  6:10  Drone  
  72  6:11  Drone x5  
  76  6:28  Overlord  
  76  6:29  Roach x2  
  79  6:36  Zergling x10  
  84  6:40  Lair  
  84  6:45  Zergling x2  
  84  6:46  Zergling x12  
  91  6:48  Ravager x3  
  94  6:55  Zergling x6  
  94  6:57  Ravager x4  
  94  6:59  Overlord  
  101  7:03  Overlord  
  101  7:05  Overlord  
  102  7:08  Ravager  
  102  7:14  Zergling x8  
  106  7:16  Overlord  
  106  7:20  Overlord  
  106  7:21  Ravager  
Show
View Real Time Build Order
Export as new Build Order

ShoWTimE Protoss 

Build Orders: 1 Gate Expand, Mass Adepts 

Get SALT Encoding   

  12  0:00  Probe  
  13  0:12  Probe  
  14  0:19  Pylon  
  14  0:24  Probe  
  15  0:33  Probe  
  15  0:40  Gateway  
  15  0:41  Probe  
  16  0:49  Assimilator  
  17  0:51  Probe  
  18  1:03  Probe  
  19  1:15  Probe  
  20  1:28  Nexus  
  20  1:35  Cybernetics Core  
  20  1:38  Probe  
  21  1:44  Assimilator  
  21  1:51  Probe  
  21  1:53  Pylon  
  22  2:01  Adept  
  22  2:03  Probe  
  23  2:11  Warp Gate  
  23  2:15  Probe  
  26  2:22  Adept  
  26  2:26  Twilight Council  
  26  2:27  Probe  
  29  2:38  Probe  
  29  2:39  Probe  
  31  2:46  Probe  
  31  2:51  Stalker, Probe  
  32  2:55  Probe  
  36  3:00  Robotics Facility  
  36  3:03  Probe  
  37  3:07  Resonating Glaives  
  37  3:08  Probe  
  38  3:16  Probe  
  38  3:18  Gateway  
  39  3:20  Probe  
  40  3:28  Probe  
  41  3:34  Gateway  
  41  3:35  Gateway  
  41  3:39  Warp Prism  
  41  3:43  Pylon  
  43  3:56  Probe x2  
  43  4:01  Adept  
  45  4:04  Assimilator  
  47  4:11  Pylon  
  47  4:12  Adept  
  47  4:13  Probe  
  47  4:14  Probe  
  47  4:15  Observer  
  50  4:28  Adept x2  
  50  4:29  Adept  
  56  4:32  Adept, Pylon  
  56  4:34  Probe  
  56  4:35  Probe  
  60  4:50  Adept x3  
  66  4:52  Adept  
  66  4:57  Pylon  
  66  4:58  Pylon  
  68  5:03  Assimilator  
  68  5:10  Adept  
  70  5:16  Adept x3, Pylon  
  72  5:32  Adept, Probe  
  72  5:33  Immortal  
  73  5:38  Adept x3  
  73  5:41  Probe  
  78  5:44  Probe  
  63  6:02  Sentry x3  
  65  6:07  Shield Battery  
  65  6:08  Immortal, Pylon  
  65  6:18  Probe x2  
  71  6:29  Sentry, Stalker  
  71  6:30  Stalker  
  77  6:37  Nexus  
  77  6:38  Probe x2  
  79  6:41  Pylon  
  79  6:44  Immortal  
  79  6:46  Gateway  
  79  6:47  Forge  
  79  7:00  Shield Battery  
  79  7:01  Probe  
  84  7:03  Probe  
  84  7:04  Sentry x2  
  84  7:07  Shield Battery  
  89  7:10  Adept  
  91  7:16  Adept, Shield Battery  
  93  7:29  Adept  
  89  7:30  Adept  
  89  7:32  Adept  
Tags
 
Add a new tag
Caveats
  • Supply blocks, unpowered buildings, or Contaminate may cause inaccurate times.
  • Supply counts are checked every 10 seconds.